 Dungeon Crawl Stone Soup version 0.16.2-12-gd0ad4c3 (webtiles) character file.

73 Falmar16 the Skirmisher (level 4, -4/35 HPs)
             Began as a Demonspawn Abyssal Knight on Sept 13, 2015.
             Was a Follower of Lugonu.
             Slain by a worm (11 damage)
             ... on level 2 of the Dungeon.
             The game lasted 00:08:09 (1827 turns).

Falmar16 the Skirmisher (Demonspawn Abyssal Knight) Turns: 1827, Time: 00:08:09

Health: -4/35      AC:  9    Str: 13    XL:     4   Next: 8%
Magic:  5/5        EV: 12    Int: 13    God:    Lugonu [*.....]
Gold:   56         SH:  0    Dex: 13    Spells: 0 memorised, 3 levels left

rFire  . . .     SeeInvis .     h - +0 mace (protect)
rCold  . . .     Clarity  .     b - +0 leather armour
rNeg   . . .     SustAb   .     (no shield)
rPois  .         Gourm    .     (no helmet)
rElec  .         Spirit   .     (no cloak)
rCorr  .         Warding  .     i - +0 pair of gloves
rMut   .         Stasis   .     (no boots)
MR     .....                    (no amulet)
Stlth  ++........               (no ring)
                                (no ring)

@: not resistant to hostile enchantments, unstealthy
A: claws 1, nightstalker 1
a: Depart the Abyss, Renounce Religion


You were on level 2 of the Dungeon.
You worshipped Lugonu.
Lugonu was aware of your devotion.
You were hungry.

You visited 1 branch of the dungeon, and saw 2 of its levels.
You visited the Abyss 1 time.

You collected 56 gold pieces.

Inventory:

Hand weapons
 a - a +1 falchion
 h - a +0 mace of protection (weapon)
Armour
 b - a +0 leather armour (worn)
 i - a +0 pair of gloves (worn)
Scrolls
 j - 3 scrolls of remove curse {unknown}
 k - 2 scrolls of identify
 o - a scroll of magic mapping {unknown}
Potions
 d - a potion of invisibility {unknown}
 e - a potion of curing
 f - a potion of heal wounds {unknown}
 g - 3 potions of cancellation {unknown}
 n - 3 potions of agility {unknown}
Comestibles
 c - 3 bread rations
 l - a beef jerky


   Skills:
 + Level 3.3 Fighting
 - Level 1.7 Long Blades
 * Level 1.8 Maces & Flails
 + Level 2.0 Armour
 + Level 1.9 Dodging
 + Level 0.2 Stealth
 + Level 2.9 Invocations


You had 3 spell levels left.
You didn't know any spells.

Dungeon Overview and Level Annotations

Branches:
Dungeon (2/15)

Altars:


Innate Abilities, Weirdness & Mutations

You have sharp fingernails.
You are slightly more attuned to the shadows.


Message History

The worm is heavily wounded.
You hit the worm.
The worm is severely wounded.
The worm bites you.
* * * LOW HITPOINT WARNING * * *
You barely miss the worm.
The worm is severely wounded.
The worm bites you but does no damage.
You hit the worm.
The worm is severely wounded.
The worm bites you.
* * * LOW HITPOINT WARNING * * *
You barely miss the worm.
The worm is severely wounded.
You feel better. The worm bites you.
* * * LOW HITPOINT WARNING * * *
You barely miss the worm.
The worm is severely wounded.
The worm bites you!
You die...

# ... .# ....
#.##### ......#####
....... ......w@..#
#<#######......###.#
#....... .... #.#
##........... #.#
.'........ .
#.###### ##.......#
###......####.#
#.......#
.................#
#.......#
(.######.#.####.#
#.†.....# #.#.#


You could see a worm.

Vanquished Creatures
  Ijyb (D:2)
  An adder (D:2)
  2 worms
  A giant gecko (D:1)
  A ball python (D:1)
  6 bats (D:1)
  2 giant cockroaches
  3 hobgoblins (D:1)
  3 jackals (D:1)
  4 giant newts (D:1)
  3 goblins
  2 kobolds (D:1)
  6 rats
35 creatures vanquished.

Notes
Turn   | Place    | Note
--------------------------------------------------------------
     0 | Abyss:1  | Falmar16, the Demonspawn Abyssal Knight, began the quest for the Orb.
     0 | Abyss:1  | Reached XP level 1. HP: 18/18 MP: 1/1
   123 | Abyss:1  | Noticed a small abomination
   141 | Abyss:1  | Noticed a raiju
   151 | Abyss:1  | Noticed a shadow dragon skeleton
   157 | D:1      | Escaped the Abyss
   492 | D:1      | Reached skill level 1 in Dodging
   630 | D:1      | Gained mutation: You have sharp fingernails. [demonic ancestry]
   630 | D:1      | Reached XP level 2. HP: 24/24 MP: 2/2
   672 | D:1      | Acquired Lugonu's first power
   882 | D:1      | Reached skill level 1 in Maces & Flails
  1318 | D:1      | Gained mutation: You are slightly more attuned to the shadows. [demonic ancestry]
  1318 | D:1      | Reached XP level 3. HP: 26/29 MP: 4/4
  1780 | D:2      | Noticed Ijyb
  1811 | D:2      | Killed Ijyb
  1811 | D:2      | Reached XP level 4. HP: 16/35 MP: 5/5
  1827 | D:2      | Slain by a worm

Action                   |  1- 3 |  4- 6 || total
-------------------------+-------+-------++-------
Melee: Mace              |   159 |    15 ||   174
       Falchion          |    10 |       ||    10
Invok: Depart the Abyss  |     1 |       ||     1
  Use: Scroll            |     1 |       ||     1
       Potion            |     1 |     1 ||     2
 Stab: Sleeping          |     2 |       ||     2
  Eat: Chunk             |     3 |       ||     3
